 Dungeon Crawl Stone Soup version 0.13.0-7-g3df9ff1 (webtiles) character file.

3364 HungrySpirit the Cleaver (level 9, -1/73 HPs)
             Began as a Minotaur Fighter on Oct 16, 2013.
             Was a Follower of Okawaru.
             Succumbed to a yellow wasp's poison
             ... while paralysed by a yellow wasp
             ... on Level 6 of the Dungeon.
             The game lasted 00:13:07 (6456 turns).

HungrySpirit the Cleaver (Minotaur Fighter)         Turns: 6456, Time: 00:13:07

HP  -1/73        AC  8     Str 23      XL: 9   Next: 58%
MP   3/3         EV  2     Int  5      God: Okawaru [*.....]
Gold 286         SH  0     Dex 11      Spells:  0 memorised,  8 levels left

Res.Fire  : . . .   See Invis. : .   m - +2,+3 orc war axe
Res.Cold  : . . .   Warding    : .   b - +0 scale mail
Life Prot.: . . .   Conserve   : .   c - +0 shield
Res.Poison: .       Res.Corr.  : .   (helmet restricted)
Res.Elec. : .       Clarity    : .   q - +0 cloak
Sust.Abil.: . .     Spirit.Shd : .   (no gloves)
Res.Mut.  : .       Stasis     : .   (no boots)
Res.Rott. : .       Flight     : .   t - amulet of rage
Saprovore : . . .                    (no ring)
                                     r - ring of flight

@: paralysed, very poisoned, slowed, slightly resistant to hostile enchantments,
extremely unstealthy
A: retaliatory headbutt, horns 2
a: Heroism, Renounce Religion, Evoke Berserk Rage, Evoke Flight


You were on level 6 of the Dungeon.
You worshipped Okawaru.
Okawaru was aware of your devotion.
You were hungry.

You visited 2 branches of the dungeon, and saw 8 of its levels.

You collected 266 gold pieces.

Inventory:

Hand weapons
 a - a +1,+0 hand axe {=f}
 m - a +2,+3 orcish war axe (weapon)
Armour
 b - a +0 scale mail (worn)
 c - a +0 shield (worn)
 q - a +0 cloak (worn)
Magical devices
 k - a wand of magic darts (9)
 o - a wand of digging (7)
Comestibles
 d - 4 bread rations
 l - a pear
 n - 4 meat rations
 u - a rotting chunk of orc flesh
Scrolls
 g - a scroll of identify
 j - a scroll of magic mapping
Jewellery
 r - a ring of flight (left hand)
 t - an amulet of rage (around neck)
Potions
 e - 2 potions of heal wounds
 f - a potion of restore abilities {unknown}
 i - a potion of degeneration {unknown}
 p - a potion of berserk rage


   Skills:
 * Level 5.2 Fighting
 - Level 14.5 Axes
 + Level 4.3 Armour
 + Level 4.4 Shields


You had 8 spell levels left.
You didn't know any spells.

Dungeon Overview and Level Annotations

Branches:
Dungeon (7/27)             Temple (1/1) D:4             Orc (0/4) D:6

Altars:
Ashenzari
Cheibriados
Elyvilon
Fedhas
Kikubaaqudgha
Makhleb
Nemelex Xobeh
Okawaru
Sif Muna
Trog
Vehumet
Xom
Yredelemnul
Zin
the Shining One

Shops:
D:6 ?[

Annotations:
D:7 Blork the orc


Innate Abilities, Weirdness & Mutations

You reflexively headbutt those who attack you in melee.
You have a pair of horns on your head.


Message History

You feel yourself slow down. The water moccasin bites you.
* * * LOW HITPOINT WARNING * * *
The yellow wasp stings you.
* * * LOW HITPOINT WARNING * * *
You are more poisoned.
You suddenly lose the ability to move!
* * * LOW HITPOINT WARNING * * *
You feel sick. The yellow wasp stings you!
* * * LOW HITPOINT WARNING * * *
You feel as though you will be slow longer.
The water moccasin completely misses you.
* * * LOW HITPOINT WARNING * * *
You feel sick.
The yellow wasp stings you but does no damage.
The water moccasin bites you but does no damage.
The yellow wasp stings you.
* * * LOW HITPOINT WARNING * * *
You are more poisoned.
You resist.
You die...

#################........#####...
#........# #... #........# #...
#........# #... #........# #...
#........# #...
#################........# #...
.........................# #...
................@........# #...
...............y.S.......# #...
..............∩..........# #...
..[......................# #...
.........................# #...
.........................# #...
..................)......# #...
#################........# #...
#........# #...


You could see a water moccasin and a yellow wasp.

Vanquished Creatures
  The ghost of Duskembrace the Chopper, an experienced MiBe of Trog (D:5)
  Grinder (D:3)
  2 orc warriors
  5 phantoms
  2 ogres
  A sky beast (D:4)
  2 centaurs
  Duvessa (D:6)
  2 giant frogs
  A hippogriff zombie (D:6)
  3 crimson imps
  A goliath beetle (D:6)
  Dowan (D:6)
  A giant frog skeleton (D:5)
  2 orc priests (D:6)
  Crazy Yiuf (D:3)
  4 hounds
  A gnoll shaman (D:6)
  2 iguanas
  An orc wizard (D:6)
  3 scorpions
  A worker ant (D:5)
  Jessica (D:3)
  7 gnolls (D:6)
  9 adders
  4 worms
  An iguana skeleton (D:6)
  2 giant eyeballs
  An ooze (D:1)
  24 orcs
  7 giant cockroaches
  11 goblins
  18 hobgoblins
  7 kobolds
  10 bats
  3 giant geckos
  2 giant newts
  A hobgoblin skeleton (D:4)
  8 jackals
  A kobold skeleton (D:4)
  A quokka (D:6)
  16 rats
  2 ballistomycetes (D:6)
175 creatures vanquished.

Vanquished Creatures (others)
  A giant newt (D:4)
  A giant spore (D:6)
2 creatures vanquished.

Grand Total: 177 creatures vanquished

Notes
Turn   | Place    | Note
--------------------------------------------------------------
     0 | D:1      | HungrySpirit, the Minotaur Fighter, began the quest for the Orb.
     0 | D:1      | Reached XP level 1. HP: 19/19 MP: 0/0
   156 | D:1      | Reached XP level 2. HP: 26/26 MP: 0/0
   321 | D:1      | Reached skill level 4 in Axes
   637 | D:2      | Reached XP level 3. HP: 33/33 MP: 1/1
   693 | D:2      | Reached skill level 5 in Axes
  1217 | D:2      | Reached XP level 4. HP: 33/39 MP: 1/1
  1751 | D:3      | Noticed Grinder
  1757 | D:3      | Paralysed by Grinder for 5 turns
  1958 | D:3      | Reached skill level 6 in Axes
  2091 | D:3      | Noticed Jessica
  2097 | D:3      | Reached XP level 5. HP: 43/46 MP: 1/1
  2110 | D:3      | Killed Jessica
  2145 | D:3      | Noticed Crazy Yiuf
  2152 | D:3      | Killed Crazy Yiuf
  2152 | D:3      | Reached skill level 7 in Axes
  2246 | D:3      | Paralysed by Grinder for 6 turns
  2270 | D:3      | Killed Grinder
  2270 | D:3      | Reached skill level 8 in Axes
  2270 | D:3      | Reached XP level 6. HP: 41/52 MP: 2/2
  2594 | D:4      | Reached skill level 9 in Axes
  2602 | D:4      | Reached XP level 7. HP: 46/59 MP: 2/2
  2618 | D:4      | Paralysed by a giant eyeball for 4 turns
  3033 | D:4      | Reached skill level 10 in Axes
  3370 | D:4      | Found a staircase to the Ecumenical Temple.
  3380 | Temple   | Entered the Ecumenical Temple
  3426 | Temple   | Became a worshipper of Warmaster Okawaru
  3712 | D:5      | Entered Level 5 of the Dungeon
  3826 | D:5      | Reached skill level 11 in Axes
  4043 | D:5      | Noticed Duskembrace's ghost (experienced MiBe)
  4081 | D:5      | Killed Duskembrace's ghost
  4081 | D:5      | Reached skill level 12 in Axes
  4081 | D:5      | Reached XP level 8. HP: 8/66 MP: 2/2
  4938 | D:6      | Reached skill level 13 in Axes
  5165 | D:6      | Acquired Okawaru's first power
  5170 | D:6      | Reached XP level 9. HP: 56/72 MP: 3/3
  5187 | D:6      | Noticed Dowan
  5199 | D:6      | Noticed Duvessa
  5206 | D:6      | Killed Dowan
  5425 | D:6      | Found Sachiq's Armour Emporium.
  5426 | D:6      | Found a staircase to the Orcish Mines.
  5892 | D:6      | Reached skill level 14 in Axes
  5902 | D:6      | Found a shimmering altar of Xom.
  5922 | D:6      | Found a shimmering altar of Xom.
  5923 | D:6      | Found a shimmering altar of Xom.
  5923 | D:6      | Found a shimmering altar of Xom.
  5975 | D:6      | Found Osuar's Magic Scroll Shop.
  6036 | D:6      | Killed Duvessa
  6192 | D:6      | Paralysed by a giant eyeball for 2 turns
  6424 | D:7      | Noticed Blork the orc
  6428 | D:7      | Reached skill level 5 in Fighting
  6453 | D:6      | Paralysed by a yellow wasp for 3 turns
  6455 | D:6      | HP: 3/73 [poisoned by a yellow wasp]
  6455 | D:6      | HP: 1/73 [yellow wasp (2)]
  6456 | D:6      | Succumbed to a yellow wasp's poison

Action                   |  1- 3 |  4- 6 |  7- 9 || total
-------------------------+-------+-------+-------++-------
Melee: Hand axe          |   101 |   150 |   264 ||   515
       War axe           |       |       |    94 ||    94
Invok: Heroism           |       |       |     1 ||     1
Evoke: Wand              |       |     1 |       ||     1
  Use: Scroll            |       |       |     9 ||     9
       Potion            |       |       |     5 ||     5
